 Dungeon Crawl Stone Soup version 0.21-a0-244-gd4adca8 (webtiles) character file.

283 Pippin the Twirler (level 6, 0/48 HPs)
             Began as a Human Wanderer on Sept 4, 2017.
             Killed from afar by an orc wizard (8 damage)
             ... with a puff of flame
             ... on level 3 of the Dungeon on Sept 5, 2017.
             The game lasted 00:11:01 (4915 turns).

Pippin the Twirler (Human Wanderer)                 Turns: 4915, Time: 00:11:02

Health: 0/48       AC:  3    Str: 12    XL:     6   Next: 54%
Magic:  7/7        EV: 12    Int: 14    God:
Gold:   213        SH:  0    Dex: 13    Spells: 5/5 levels left

rFire    . . .     SeeInvis .   e - +2 short sword (freeze)
rCold    . . .     Gourm    .   (no shield)
rNeg     . . .     Faith    .   i - +0 robe (curse)
rPois    .         Spirit   .   (no helmet)
rElec    .         Reflect  .   (no cloak)
rCorr    .         Harm     .   g - +0 pair of gloves
MR       .....                  (no boots)
Stlth    ++........             (no amulet)
HPRegen  0.16/turn              (no ring)
MPRegen  0.10/turn              (no ring)

@: no status effects
A: sense surroundings 1
a: no special abilities


You were on level 3 of the Dungeon.
You were hungry.

You visited 1 branch of the dungeon, and saw 4 of its levels.

You collected 213 gold pieces.

Inventory:

Hand Weapons
 b - a +0 quarterstaff
 e - a +2 short sword of freezing (weapon)
 n - a +0 rapier of draining
Armour
 a - a +2 scale mail
 g - a +0 pair of gloves (worn)
 i - a cursed +0 robe (worn)
 o - a +1 ring mail of fire resistance
 q - a +0 helmet
Scrolls
 f - a scroll of fog
 k - a scroll of enchant weapon
 l - a scroll of teleportation {unknown}
Potions
 j - 2 potions of curing {unknown}
 m - a potion of haste {unknown}
Comestibles
 d - 2 bread rations
 h - a royal jelly


   Skills:
 - Level 4.0 Fighting
 * Level 5.1 Staves
   Level 1.0 Bows
 - Level 1.0 Armour
 - Level 1.0 Dodging
 + Level 3.4 Stealth
   Level 2.0 Evocations


You had 5 spell levels left.
You didn't know any spells.

Dungeon Overview and Level Annotations

Branches:
Dungeon (4/15)
 Temple: D:4-7

Altars:
Ashenzari


Innate Abilities, Weirdness & Mutations

You passively map a small area around you.


Message History

Your +0 pair of gloves unmelds from your body.
Your cursed +0 robe unmelds from your body.
Something completely misses you.
You miss something. Something hits you.
* * * LOW HITPOINT WARNING * * *
You completely miss something. Something hits you but does no damage.
You hit something but do no damage.
An orc wizard appears from thin air!
Reactivating autopickup.
The orc wizard closely misses you.
You barely miss the orc wizard.
The orc wizard is moderately wounded.
The orc wizard hits you but does no damage.
You hit the orc wizard. You freeze the orc wizard.
The orc wizard is heavily wounded.
The orc wizard closely misses you.
You barely miss the orc wizard.
The orc wizard is heavily wounded.
The orc wizard points at you and mumbles some strange words.
The puff of flame hits you!
You die...

#.# #.# #.# ######## #.#
#......# #.# #.####.#
#o# #.# #.# #.# #.# #.#
#.##########.# #.#
#...oo@......# #.#
########################
#.# ......(............#
#.# ##################.#
#.# ######.## #.#
#.......# #.# #.####.##
#[# #.#############.#
#...............#


You could see an orc wizard and an orc.

Vanquished Creatures
  An ogre (D:3)
  A hound (D:3)
  Robin (D:3)
  A gnoll (D:1)
  4 adders
  2 oozes
  2 worms (D:2)
  2 dart slugs
  3 leopard geckos
  8 orcs (D:3)
  8 bats
  3 giant cockroaches (D:3)
  18 goblins
  10 hobgoblins
  3 jackals (D:1)
  A quokka (D:3)
  5 frilled lizards
  4 kobolds
  11 rats
88 creatures vanquished.

Vanquished Creatures (others)
  5 toadstools (D:1)
5 creatures vanquished.

Grand Total: 93 creatures vanquished

Notes
Turn   | Place    | Note
-------+----------+-------------------------------------------
     0 | D:1      | Pippin the Human Wanderer began the quest for the Orb.
     0 | D:1      | Pippin set off with: a +2 scale mail, a +0 quarterstaff, a potion of lignification, a bread ration
     0 | D:1      | Reached XP level 1. HP: 19/19 MP: 2/2
    44 | D:1      | Reached skill level 1 in Staves
    50 | D:1      | Reached XP level 2. HP: 12/25 MP: 3/3
   345 | D:1      | Reached skill level 2 in Staves
   415 | D:1      | Reached XP level 3. HP: 27/30 MP: 4/4
  1280 | D:2      | Reached skill level 3 in Staves
  1280 | D:2      | Reached XP level 4. HP: 30/37 MP: 5/5
  1608 | D:2      | HP: 1/37 [adder (4)]
  1962 | D:2      | Upgraded the game from 0.21-a0-243-g597973d to 0.21-a0-244-gd4adca8
  2746 | D:3      | Found a shattered altar of Ashenzari.
  2747 | D:3      | Noticed Robin
  2783 | D:3      | Reached XP level 5. HP: 7/42 MP: 6/6
  2793 | D:3      | Killed Robin
  3144 | D:3      | Gained mutation: You can translocate small distances at will. [potion of mutation]
  3144 | D:3      | Lost mutation: You can translocate small distances at will. [potion of mutation]
  3144 | D:3      | Gained mutation: You passively map a small area around you. [potion of mutation]
  3229 | D:3      | Reached skill level 4 in Staves
  3712 | D:3      | Found a shattered altar of Ashenzari.
  4240 | D:3      | Found a shattered altar of Ashenzari.
  4432 | D:3      | Reached XP level 6. HP: 44/48 MP: 7/7
  4708 | D:4      | Noticed a phantom
  4763 | D:4      | Noticed an ogre
  4892 | D:3      | Killed an ogre
  4892 | D:3      | Reached skill level 5 in Staves
  4915 | D:3      | Killed from afar by an orc wizard

Vault maps used:
D:1:      ldierk_walled_garden
D:2:      minmay_stone_trees_small
D:3:      nicolae_ashenzari_panopticon, uniq_robin
D:4:      uniq_menkaure, uniq_eustachio, uniq_edmund

Skill      XL: |  1  2  3  4  5  6 |
---------------+-------------------+-----
Staves         | 1 2 3 4 5 |  5.1
Stealth        | 2 3 |  3.4
Fighting       | |  4.0
Bows           | |  1.0
Armour         | |  1.0
Dodging        | |  1.0
Evocations     | |  2.0

Action                   |  1- 3 |  4- 6 || total
-------------------------+-------+-------++-------
Melee: Quarterstaff      |    95 |    40 ||   135
       Short sword       |       |   182 ||   182
  Use: Potion            |       |     4 ||     4
       Scroll            |       |     3 ||     3
 Stab: Sleeping          |     1 |     1 ||     2
  Eat: Chunk             |       |    12 ||    12
Armor: Scale mail        |    64 |       ||    64
       Robe              |     1 |    35 ||    36
       Skin              |       |    50 ||    50
Dodge: Dodged            |    44 |   112 ||   156

Table legend:
 A = Spawn XP
 B = Non-spawn XP
 C = Spawn XP percentage of total XP
 D = Spawn monster count
 E = Non-spawn monster count
 F = Spawn count percentage of total count
 G = Total turns spent on level
                    A         B        C        D         E        F      G
               +---------+---------+-------+---------+---------+-------+---------
         Total |      66 |     339 |  16.3 |      14 |      74 |  15.9 |  4915
               +---------+---------+-------+---------+---------+-------+---------
           D:1 |       2 |      64 |   3.0 |       2 |      26 |   7.1 |  1193
           D:2 |       8 |      41 |  16.3 |       3 |       9 |  25.0 |  1486
           D:3 |      56 |     221 |  20.2 |       9 |      38 |  19.1 |  2195
           D:4 |       0 |      13 |   0.0 |       0 |       1 |   0.0 |    41
               +---------+---------+-------+---------+---------+-------+---------
